 Dungeon Crawl Stone Soup version 0.17-a0-1914-gde4187c (webtiles) character file.

166 pk666 the Magician (level 5, -5/28 HPs)
             Began as a Deep Elf Wizard on Sept 26, 2015.
             Slain by matakusis's ghost (16 damage)
             ... on level 4 of the Dungeon.
             The game lasted 00:16:32 (3638 turns).

pk666 the Magician (Deep Elf Wizard)                Turns: 3638, Time: 00:16:32

Health: -5/28      AC:  6    Str:  4    XL:     5   Next: 22%
Magic:  3/15       EV: 12    Int: 24    God:
Gold:   157        SH:  0    Dex: 13    Spells: 5 memorised, 5 levels left

rFire  . . .     SeeInvis .     r - +1 dagger (holy)
rCold  . . .     Clarity  .     a - +0 robe
rNeg   . . .     SustAt   .     (no shield)
rPois  .         Gourm    .     b - +0 hat
rElec  .         Spirit   .     A - +2 cloak
rCorr  .         Warding  .     g - +0 pair of gloves
rMut   .         Stasis   .     (no boots)
MR     .....                    (no amulet)
Stlth  ++........               (no ring)
                                (no ring)

@: repel missiles, not resistant to hostile enchantments, unstealthy
A: no striking features
a: no special abilities


You were on level 4 of the Dungeon.
You were not hungry.

You visited 1 branch of the dungeon, and saw 5 of its levels.

You collected 157 gold pieces.

Inventory:

Hand weapons
 h - a +0 dagger
 r - a +1 dagger of holy wrath (weapon)
Armour
 a - a +0 robe (worn)
 b - a +0 hat (worn)
 g - a +0 pair of gloves (worn)
 v - a +0 cloak
 A - a +2 cloak (worn)
Jewellery
 k - an uncursed ring of positive energy {unknown}
 s - an uncursed ring of see invisible {unknown}
Magical devices
 p - a wand of paralysis (23)
 y - a wand of paralysis (15)
Scrolls
 e - 8 scrolls of identify
 j - 2 scrolls of teleportation
 n - 2 scrolls of magic mapping
Potions
 i - a potion of might {unknown}
 l - 2 potions of lignification {unknown}
 m - a potion of degeneration {unknown}
 o - 2 potions of poison {unknown}
 u - 2 potions of cure mutation {unknown}
 w - a potion of flight {unknown}
 x - a potion of resistance {unknown}
Books
 c - a book of Minor Magic

   Spells                             Type                      Level
   a - Magic Dart                     Conjuration                  1
   b - Blink                          Translocation                2
   c - Call Imp                       Summoning                    2
   d - Repel Missiles                 Charms/Air                   2
   e - Slow                           Hexes                        2
   f - Conjure Flame                  Conjuration/Fire             3
   g - Mephitic Cloud                 Conjuration/Poison/Air       3
 t - a book of Summonings

   Spells                             Type                      Level
   a - Recall                         Summoning/Translocation      3
   b - Aura of Abjuration             Summoning                    5
   c - Shadow Creatures               Summoning                    5
   d - Summon Demon                   Summoning                    5
   e - Summon Forest                  Summoning/Translocation      5
   f - Summon Mana Viper              Hexes/Summoning              5
Comestibles
 d - 2 bread rations


   Skills:
 - Level 2.4 Dodging
 - Level 2.4 Stealth
 + Level 6.1 Spellcasting
 + Level 3.3 Conjurations
   Level 1.1 Summonings
 - Level 1.1 Translocations
 + Level 1.8 Air Magic
 + Level 1.4 Poison Magic


You had 5 spell levels left.
You knew the following spells:

 Your Spells              Type           Power        Failure   Level  Hunger
d - Conjure Flame         Conj/Fire      ###.....     14%         3    #......
q - Blink                 Tloc           N/A          10%         2    None
w - Repel Missiles        Chrm/Air       ##....       12%         2    None
x - Mephitic Cloud        Conj/Pois/Air  ###.....     12%         3    #......
z - Magic Dart            Conj           ###.         1%          1    None


Dungeon Overview and Level Annotations

Branches:
Dungeon (5/15)
 Temple: D:4-7

Altars:
Qazlal

Annotations:
D:4 matakusis's ghost, average DsGl
D:5 Pikaro's ghost, experienced DrTm


Message History

The magic dart hits matakusis's ghost.
Matakusis's ghost is heavily damaged.
Casting: Magic Dart
Confirm with . or Enter, or press ? or * to list all spells.
Aiming: Magic Dart
Press: ? - help, Shift-Dir - straight line, f/p - matakusis's ghost
Aim: matakusis's ghost (heavily damaged)
The magic dart hits matakusis's ghost.
Matakusis's ghost is heavily damaged.
Matakusis's ghost misses you.
Casting: Magic Dart
Confirm with . or Enter, or press ? or * to list all spells.
Aiming: Magic Dart
Press: ? - help, Shift-Dir - straight line, f/p - matakusis's ghost
Aim: matakusis's ghost (heavily damaged)
The magic dart hits matakusis's ghost.
Matakusis's ghost is heavily damaged.
Matakusis's ghost hits you!
Ouch! That really hurt!
You die...

#######....# #....##.##.# ####
#.##.##.##.# ...####
###.##....##.# ##....##########
#....#.#..[).# .#..#..........#
#.####.#..#### .#..#..........#
#......#..######
.#..#..........###..#...#...#....
.'..#>.........W@................
.#..#..........####..............
.##............# #####.###..#)###
.#'.......###### #...#.# #.......
###.......# #.#.#'###..####.
#.#.).....# #.#.....#..##...
#'###'############.#.....#..##...
...##.##...........#.....#.......
...##.##.###########.....#.......


You could see matakusis's ghost.

Vanquished Creatures
  A scorpion (D:4)
  An orc wizard (D:4)
  Crazy Yiuf (D:4)
  An iguana (D:4)
  An adder (D:2)
  A worm (D:2)
  An orc (D:4)
  4 bats
  5 giant cockroaches
  6 hobgoblins
  5 kobolds
  2 quokkas
  2 ball pythons
  2 giant newts
  3 goblins
  5 rats
41 creatures vanquished.

Notes
Turn   | Place    | Note
--------------------------------------------------------------
     0 | D:1      | pk666 the Deep Elf Wizard began the quest for the Orb.
     0 | D:1      | Reached XP level 1. HP: 10/10 MP: 7/7
   291 | D:1      | Reached XP level 2. HP: 15/15 MP: 1/9
   771 | D:1      | Reached skill level 5 in Spellcasting
  1695 | D:2      | Reached XP level 3. HP: 19/19 MP: 7/11
  1699 | D:2      | Learned a level 2 spell: Blink
  1759 | D:2      | Learned a level 2 spell: Repel Missiles
  1763 | D:2      | Learned a level 3 spell: Conjure Flame
  1767 | D:2      | Learned a level 3 spell: Mephitic Cloud
  2353 | D:4      | Noticed a scorpion
  2353 | D:4      | Noticed matakusis's ghost (average DsGl)
  2566 | D:4      | Noticed Crazy Yiuf
  2576 | D:4      | Killed Crazy Yiuf
  2576 | D:4      | Reached XP level 4. HP: 24/24 MP: 1/13
  2770 | D:4      | Reached skill level 1 in Air Magic
  2784 | D:4      | Reached skill level 1 in Poison Magic
  3048 | D:4      | Killed a scorpion
  3048 | D:4      | Reached skill level 6 in Spellcasting
  3048 | D:4      | Reached XP level 5. HP: 24/28 MP: 2/15
  3140 | D:5      | Entered Level 5 of the Dungeon
  3216 | D:5      | Noticed Pikaro's ghost (experienced DrTm)
  3414 | D:4      | Found a stormy altar of Qazlal.
  3638 | D:4      | Slain by matakusis's ghost

Vault maps used:
D:1:      eino_arrival_water_cross, bh_walls_and_bars
D:4:      lemuel_doored_altar, kennysheep_small_square, uniq_crazy_yiuf_cottage
D:5:      minmay_goblin_kobold_castle, temple_pool_a, basic_altar, first_bread,
          serial_park_tiny_1

Action                   |  1- 3 |  4- 6 || total
-------------------------+-------+-------++-------
Melee: Unarmed           |     8 |       ||     8
       Dagger            |     1 |    11 ||    12
 Cast: Magic Dart        |   110 |    57 ||   167
       Mephitic Cloud    |     2 |     3 ||     5
       Repel Missiles    |     1 |       ||     1
       Conjure Flame     |       |     5 ||     5
       Blink             |       |     1 ||     1
  Use: Scroll            |     8 |     3 ||    11
 Stab: Confused          |       |     1 ||     1
  Eat: Chunk             |     5 |     1 ||     6
       Meat ration       |       |     1 ||     1
